 Dungeon Crawl Stone Soup version 0.28-a0-1236-gb25a51b929 (webtiles) character file.

Game seed: 15401005354497139212

41 wakim the Gusty (level 3, -1/19 HPs)
             Began as a Tengu Air Elementalist on Dec 25, 2021.
             Shot with a stone by a goblin (4 damage)
             ... on level 2 of the Dungeon.
             The game lasted 00:04:38 (596 turns).

wakim the Gusty (Tengu Air Elementalist)             Turns: 596, Time: 00:04:39

Health: -1/19      AC:  2    Str:  8    XL:     3   Next: 52%
Magic:  1/7        EV: 12    Int: 17    God:
Gold:   0          SH:  0    Dex: 14    Spells: 3/6 levels left

rFire   . . .      SeeInvis .   a - +0 short sword
rCold   . . .      Faith    .   (no shield)
rNeg    . . .      Spirit   .   e - +0 robe
rPois   .          Reflect  .   (helmet restricted)
rElec   .          Harm     .   (no cloak)
rCorr   .          Rampage  .   (no gloves)
Will    .....                   (boots unavailable)
Stlth   ++........              (no amulet)
HPRegen 0.06/turn               (no ring)
MPRegen 0.10/turn               (no ring)

@: no status effects
A: beak, talons 3
a: no special abilities


You were on level 2 of the Dungeon.
You visited 1 branch of the dungeon, and saw 2 of its levels.

Inventory:

Hand Weapons
 a - a +0 short sword (weapon)
Armour
 e - a +0 robe (worn)
Scrolls
 b - a scroll of vulnerability {unknown}
 c - a scroll of identify {unknown}
 d - a scroll of torment {unknown}


   Skills:
 - Level 2.1 Dodging
 - Level 2.0 Stealth
 + Level 2.3 Spellcasting
 * Level 2.9 Conjurations
 * Level 4.9 Air Magic


You had 3 spell levels left.
You knew the following spells:

 Your Spells              Type           Power      Damage    Failure   Level
a - Shock                 Conj/Air       60%        1d6       3%          1
d - Static Discharge      Conj/Air       15%        N/A       5%          2

Your spell library contained the following spells:

 Spells                   Type           Power      Damage    Failure   Level
 Swiftness                Air            18%        N/A       8%          3
 Airstrike                Air            9%         N/A       26%         4


Dungeon Overview and Level Annotations

Branches:
Dungeon (1/15)

Altars:

Annotations:
D:2 Natasha


Innate Abilities, Weirdness & Mutations

You have a beak for a mouth.
You have claws for feet.


Message History

The zap hits the endoplasm.
The endoplasm is almost dead.
The zap hits the white imp.
You kill the white imp!
The white imp disappears in a puff of smoke!
The bat hits you but does no damage.
Sorry, you're not good enough to have a special ability.
Unknown command.
Casting: Shock (safe; 3% risk of failure)
Confirm with . or Enter, or press ? or * to list all spells.
You don't have enough magic to cast this spell.
Unknown command.
The bat barely misses you. The bat misses you.
The bat hits you but does no damage. The bat barely misses you.
The bat barely misses you. The bat hits you but does no damage.
The bat hits you but does no damage.
Casting: Shock (safe; 3% risk of failure)
Confirm with . or Enter, or press ? or * to list all spells.
Aiming: Shock (safe; 3% risk of failure)
Press: ? - help, Shift-Dir - straight line, p - bat The zap hits the bat.
You kill the bat!
A goblin comes into view. It is wielding a +0 club.
The goblin shouts!
The goblin unwields a +0 club.
The goblin wields a +0 hunting sling.
The goblin shoots a stone.
The stone hits you.
* * * LOW HITPOINT WARNING * * *
The goblin shoots a stone.
The stone barely misses you.
You see here 25 stones.
The goblin shoots a stone.
The stone hits you.
* * * LOW HITPOINT WARNING * * *
The goblin shoots a stone.
The stone hits you.
* * * LOW HITPOINT WARNING * * *
The goblin shoots a stone.
The stone closely misses you.
Unknown command.
The goblin shoots a stone.
The stone hits you.
You die...

..........# ... #........#
###.#...###.##..#........#
#.#...... #r.#.##......
#.#..#######..#.# ######
..#... .......#.#
####..r.........#
............#######
...........†...#
.......@######J# ........#
#5# rg......# #.#
........# #.# .......J#
#.# .......h######.#
####.......Jh..#
#############


You could see Natasha, an endoplasm, a quokka (wandering), a goblin and a rat
(asleep).

Vanquished Creatures
  2 adders (D:2)
  A dart slug (D:1)
  3 bats (D:2)
  An endoplasm (D:1)
  3 goblins
  2 hobgoblins
  2 kobolds (D:1)
  3 ball pythons (D:2)
  A frilled lizard (D:1)
  2 rats
20 creatures vanquished.

Notes
Turn   | Place    | Note
-------+----------+-------------------------------------------
     0 | D:1      | wakim the Tengu Air Elementalist began the quest for the
                  | Orb.
     0 | D:1      | Reached XP level 1. HP: 10/10 MP: 4/4
   317 | D:1      | Reached XP level 2. HP: 12/15 MP: 0/6
   441 | D:1      | Learned a level 2 spell: Static Discharge
   490 | D:1      | You fall into a shaft and drop 1 floor!
   514 | D:2      | Reached XP level 3. HP: 17/19 MP: 2/7
   567 | D:2      | Noticed Natasha
   596 | D:2      | Shot with a stone by a goblin

Illustrated notes

Levels and vault maps discovered:
D:1:      ebering_hopf_link, layout_loops_corners
D:2:      layout_basic, chequers_ecumenical_altar_island, st_stairs_9,
          chequers_serial_rivers_small_3, minmay_close_crescents, uniq_robin,
          uniq_natasha

Skill      XL: |  1 |
---------------+----+-----
Conjurations   | 2 |  2.9
Dodging        | |  2.1
Stealth        | |  2.0
Spellcasting   | |  2.3
Air Magic      | |  4.9

Action                   || total
-------------------------++-------
Melee: Short sword       ||     1
 Cast: Shock             ||    35
Armor: Robe              ||    10
Dodge: Dodged            ||    19

Table legend: (Time is in decaauts)
 A = Elapsed time spent in this place.
 B = Non-inter-level travel time spent in this place.
 C = Inter-level travel time spent in this place.
 D = Time resting spent in this place.
 E = Time spent auto-exploring this place.
 F = Levels seen in this place.
 G = Mean time per level.
                   A        B        C        D        E       F      G
               +--------+--------+--------+--------+--------+-----+--------+
         Total |    595 |    595 |      0 |     52 |    256 |   2 |  297.5 |
       Dungeon |    595 |    595 |      0 |     52 |    256 |   2 |  297.5 |
               +--------+--------+--------+--------+--------+-----+--------+

Top non-repeatable levels by time:
     D:1: 489 daAuts
     D:2: 105 daAuts
